← All builds
Front / Cortex / Economy first / OBSERVED BUILD

Standard front

Cortex Front build order · Supreme Isthmus

The role's default economy-first play: Bot Lab right away, Advanced Metal Extractor around 9:12, transitioning into the usual Thug/Grunt/Aggravator mix to hold the wider gap and feed the middle.

#eco #defence · 188 distinct matches · 64 players · 62% of Cortex Front games · team won 45% of 191 · Recently observed

HOW TO PLAY IT

Key timing: Bot Lab by 0:40

  1. Take 3 mex, then wind before opening Bot Lab.
  2. Finish Bot Lab, start producing Thug, Grunt and Aggravator.
  3. Send early units to coast first to stop leaks, not straight to mid.
  4. Add Twin Guard and Radar Tower to hold the wider gap.
  5. Bring Advanced Metal Extractor online as army transitions to T2.

Phase by phase

TYPICAL OF ITS 188 GAMES
  1. 1
  2. 2
  3. 3
PLAY THE OPENING

Follow the example game's first 6:00 step by step: what to build now, what comes next, and where it goes. At 1× it keeps pace with your own game.

  1. 1

    Up to the Bot Lab

    Economy
    • Metal Extractor2Mex
    Order
    1. Bot LabBot Lab after 2 mex, 1 winddone ~0:40, middle half 0:33–0:46

    Some games also: wind (49%)

    By 0:24 in all: 2 mex

    The example game in this phase · 2 steps
    1. Mex ×3
    2. Bot LabBot Labdone 0:44 · typical 0:40
  2. 2

    Bot Lab to 5:00

    Economy
    • Metal Extractor4Mex
    • Wind Turbine4Wind
    Builders
    • Construction Bot3 Con bot
    • Graverobber2 Graverobber
    Army
    • Guard2 Guard
    • Thug7 Thug
    • Aggravator5 Aggravator
    • Grunt4 Grunt

    Some games also: con turret (41%) · Radar Tower (35%)

    By 5:00 in all: 6 mex · 5 wind

    The example game in this phase · 20 steps
    1. GruntGrunt ×2
    2. Wind
    3. GruntGrunt ×2
    4. Wind
    5. GraverobberGraverobber
    6. Construction BotCon bot
    7. ThugThug ×2
    8. Mex
    9. ThugThug ×3
    10. Mex
    11. AggravatorAggravator ×2
    12. Mex
    13. AggravatorAggravator ×3
    14. ThugThug ×5
    15. AggravatorAggravator ×3
    16. Construction BotCon bot
    17. GraverobberGraverobber
    18. Construction BotCon bot
    19. GraverobberGraverobber
    20. GuardGuard
  3. 3

    5:00 to 10:00

    Economy
    • Metal Extractor1Mex
    • Wind Turbine17Wind
    Builders
    • Construction Turret2 Con turret
    • Graverobber2 Graverobber
    • Construction Bot2 Con bot
    Army
    • Guard1 Guard
    • Grunt7 Grunt
    • Thug2 Thug

    Some games also: aggravator (49%) · energy storage (41%) · Radar Tower (38%) · Twin Guard (36%) · converter (35%)

    By 10:00 in all: 7 mex · 24 wind · 3 con turret

    The example game in this phase · 110 steps
    1. GuardGuard
    2. GraverobberGraverobber
    3. Construction BotCon bot
    4. AggravatorAggravator ×2
    5. ThugThug
    6. AggravatorAggravator
    7. Con turret
    8. AggravatorAggravator ×2
    9. Con turret
    10. AggravatorAggravator ×5
    11. Wind
    12. AggravatorAggravator
    13. Wind ×2
    14. AggravatorAggravator
    15. Wind ×2
    16. AggravatorAggravator
    17. Wind
    18. AggravatorAggravator
    19. Wind ×2
    20. AggravatorAggravator
    21. Wind ×2
    22. AggravatorAggravator
    23. Wind ×2
    24. AggravatorAggravator
    25. Wind ×3
    26. Advanced Metal ExtractorT2 mexdone 11:33 · typical 9:12
    27. Wind ×5
    28. GruntGrunt ×2
    29. Wind ×2
    30. GruntGrunt
    31. Wind
    32. Advanced Metal ExtractorT2 mex
    33. Wind
    34. GruntGrunt
    35. Wind
    36. GruntGrunt
    37. Wind
    38. GruntGrunt
    39. Wind ×2
    40. Con turret
    41. GruntGrunt
    42. Wind ×2
    43. GruntGrunt
    44. Energy storage
    45. GruntGrunt
    46. Advanced Metal ExtractorT2 mex
    47. Wind
    48. GruntGrunt ×2
    49. Wind ×2
    50. GruntGrunt
    51. Wind ×3
    52. GruntGrunt
    53. Wind ×2
    54. Construction BotCon bot
    55. Wind ×3
    56. GruntGrunt
    57. Wind
    58. GruntGrunt
    59. Wind
    60. Advanced Metal ExtractorT2 mex
    61. GruntGrunt
    62. Wind ×2
    63. GruntGrunt
    64. Wind
    65. GruntGrunt ×2
    66. Wind
    67. GruntGrunt
    68. Wind
    69. GruntGrunt ×3
    70. Wind
    71. GruntGrunt ×2
    72. Wind
    73. Con turret
    74. GruntGrunt ×2
    75. Wind
    76. Converter
    77. GruntGrunt
    78. Wind
    79. GruntGrunt
    80. Wind
    81. GruntGrunt
    82. Converter
    83. Wind
    84. GruntGrunt
    85. Wind
    86. GruntGrunt
    87. Wind ×2
    88. Converter
    89. GraverobberGraverobber
    90. Wind
    91. Con turret
    92. GraverobberGraverobber
    93. Converter
    94. Con turret
    95. Wind ×2
    96. GraverobberGraverobber ×2
    97. Wind
    98. Converter
    99. Wind
    100. GraverobberGraverobber ×2
    101. Wind
    102. GraverobberGraverobber
    103. Converter
    104. GraverobberGraverobber
    105. Wind
    106. GraverobberGraverobber
    107. Wind
    108. GraverobberGraverobber
    109. Wind
    110. Converter

Counts are medians over the build's games: half of them build more, half fewer. The example game is Alphacure's (36 OS, 03/10/2026); pick another.

Team trades

IN AT LEAST 30% OF ITS GAMES

You hand over

Nothing regular.

You get

  • Tidal Generator4 Tidal from Pondfirst at 0:17 · in 67% of games
  • Advanced Construction Bot1 T2 con bot from Geo or Techfirst at 7:33 · in 66% of games

How it plays out

Typical game of this build, running totals by minute

Metal produced

010k20k30k
0:005:0010:0015:00

metal

Enemy metal destroyed

02.5k5k7.5k
0:005:0010:0015:00

metal

Own metal lost

05k10k
0:005:0010:0015:00

metal

191 games.

Show as table
ByMetal produced: This buildEnemy metal destroyed: This buildOwn metal lost: This build
1:0033100
2:0085800
3:0016238686
4:002684366326
5:003814938875
6:00505116511622
7:00631023642607
8:00765531393548
9:00902136104317
10:001084842455102
11:001278048825948
12:001495252076900
13:001730857597591
14:001971462628368
15:002249370189398
WHAT THE NUMBERS SAY

This build has the worst win rate of the roles shown and trails Suicide front on kills while losing nearly as much metal.

  • + Produces more metal than Suicide front by 15:00 (22286 vs 18297).
  • + T2 constructor lands slightly faster (7:41) than Suicide front's 8:07.
  • − Loses 9797 own metal by 15:00, close to what it destroys (6775).
  • − Wins only 40% of games, well below every other role shown.
THE EXAMPLE YOU ARE READING

Alphacure

36.0 OS · 03/10/2026

Open source match ↗

6 received units · includes a constructor
80 metal received · 15107 energy received

Allied construction assistance is unknown. Timings are observations, not a promise of solo reproducibility.

Typical milestones

Bot Lab0:40Middle 50%: 0:33–0:46 · n=179
Advanced Metal Extractor9:12Middle 50%: 8:11–10:29 · n=150

Played most by

Hummell20games of this buildwatermeloans19games of this buildiLike2Eco13games of this buildGeeGee11games of this buildErilium10games of this build